 Dungeon Crawl Stone Soup version 0.23-a0-143-g1adec7bb76 (webtiles) character file.

15662 Napalmbreeze the Nimble (level 12, -5/70 HPs)
             Began as a Deep Elf Fire Elementalist on Sept 1, 2018.
             Was an Elder of Vehumet.
             Slain by a killer bee (9 damage)
             ... on level 2 of the Lair of Beasts.
             The game lasted 01:09:30 (17133 turns).

Napalmbreeze the Nimble (DEFE)                     Turns: 17133, Time: 01:09:36

Health: -5/70      AC:  6    Str:  5    XL:     12   Next: 3%
Magic:  12/38      EV: 20    Int: 26    God:    Vehumet [****..]
Gold:   644        SH:  0    Dex: 15    Spells: 19/34 levels left

rFire    + . .     SeeInvis .   J - staff of cold
rCold    + . .     Gourm    +   (no shield)
rNeg     . . .     Faith    .   a - +0 robe
rPois    .         Spirit   .   d - +2 helmet
rElec    .         Reflect  .   C - scarf {cloud immunity}
rCorr    .         Harm     .   M - +0 pair of gloves (curse)
MR       ++...                  (no boots)
Stlth    ++........             z - amulet "Sufam" {Gourm MR+}
HPRegen  0.21/turn              q - ring of magical power
MPRegen  0.26/turn              D - ring of protection from fire

@: lethally poisoned (-5 -> -9), about to teleport, flying
A: no striking features
a: Renounce Religion


You were on level 2 of the Lair of Beasts.
You worshipped Vehumet.
Vehumet was greatly pleased with you.
You were very full.

You visited 3 branches of the dungeon, and saw 12 of its levels.
You also visited: Sewer.

You collected 644 gold pieces.

Inventory:

Hand Weapons
 h - a +4 short sword of speed
Missiles
 o - 19 poisoned needles
Armour
 a - a +0 robe (worn)
 d - a +2 helmet (worn)
 C - a scarf of cloud immunity (worn)
 M - a cursed +0 pair of gloves (worn)
Magical Staves
 J - an uncursed staff of cold (weapon)
Jewellery
 q - a ring of magical power (left hand)
 z - the amulet "Sufam" (around neck) {Gourm MR+}
   (You found it on level 8 of the Dungeon)

   [amulet of the gourmand]

   It allows you to eat raw meat even when not hungry.
   It affects your resistance to hostile enchantments.
 D - a ring of protection from fire (right hand)
 G - an uncursed ring of resist corrosion
Wands
 A - a wand of polymorph (13)
 H - a wand of enslavement (8)
Scrolls
 g - a scroll of magic mapping {unknown}
 i - 2 scrolls of identify
 l - 5 scrolls of enchant weapon
 p - 4 scrolls of fog
 r - a scroll of fear
 s - 2 scrolls of teleportation
 t - 4 scrolls of remove curse
 v - a scroll of brand weapon {unknown}
 w - a scroll of amnesia {unknown}
 x - a scroll of noise {unknown}
 y - 2 scrolls of summoning {unknown}
 E - 2 scrolls of vulnerability {unknown}
 F - a scroll of torment {unknown}
 I - a scroll of random uselessness {unknown}
 O - a scroll of blinking
Potions
 b - 5 potions of might
 e - 3 potions of flight
 f - 2 potions of degeneration {unknown}
 j - a potion of agility {unknown}
 k - 2 potions of cancellation {unknown}
 m - a potion of haste {unknown}
 n - 6 potions of ambrosia
 u - 2 potions of berserk rage {unknown}
 B - a potion of curing {unknown}
 K - a potion of invisibility {unknown}
 L - a potion of mutation {unknown}
Comestibles
 c - 17 rations


   Skills:
 + Level 6.2 Fighting
 * Level 12.0 Dodging
 - Level 2.4 Stealth
 + Level 11.6 Spellcasting
 - Level 10.0 Conjurations
 - Level 10.1 Fire Magic


You had 19 spell levels left.
You knew the following spells:

 Your Spells              Type           Power        Failure   Level  Hunger
a - Flame Tongue          Conj/Fire      #####        1%          1    None
d - Conjure Flame         Conj/Fire      ######..     1%          3    None
e - Fireball              Conj/Fire      ######....   1%          5    ###....
f - Sticky Flame          Conj/Fire      ######..     1%          4    None
s - Throw Flame           Conj/Fire      ######       1%          2    None

Your spell library contained the following spells:

 Spells                   Type           Power        Failure   Level  Hunger
 Venom Bolt               Conj/Pois      #####.....   4%          5    ###....
 Sandblast                Erth           ###...       1%          1    None
 Inner Flame              Hex/Fire       #####...     1%          3    None
 Stone Arrow              Conj/Erth      #####.       1%          3    None
 Infusion                 Chrm           ###.         4%          1    None
 Summon Small Mammal      Summ           ###.         4%          1    None
 Call Imp                 Summ           ###.....     6%          2    None
 Passwall                 Tmut/Erth      ###.....     6%          2    None
 Shroud of Golubria       Chrm/Tloc      ###.......   6%          2    None
 Song of Slaying          Chrm           ###.....     6%          2    None
 Call Canine Familiar     Summ           ###.....     12%         3    None
 Regeneration             Chrm/Necr      ###.......   12%         3    None
 Spectral Weapon          Hex/Chrm       ###.....     12%         3    None
 Summon Guardian Golem    Hex/Summ       ###.....     12%         3    None
 Lee's Rapid Deconstruct  Erth           ###.......   28%         5    ###....
 Yara's Violent Unravell  Hex/Tmut       ###.......   28%         5    ###....
 Cause Fear               Hex            ###.......   36%         4    None
 Petrify                  Tmut/Erth      ###.....     36%         4    None
 Summon Ice Beast         Ice/Summ       ###.....     36%         4    None
 Summon Lightning Spire   Summ/Air       ###.....     36%         4    None
 Silence                  Hex/Air        ###.......   73%         5    ###....
 Deflect Missiles         Chrm/Air       ###.......   99%         6    #####..
 Discord                  Hex            ###.......   100%        8    #######


Dungeon Overview and Level Annotations

Branches:
Dungeon (9/15)             Temple (1/1) D:5            Lair (2/6) D:8
    Orc (0/2) D:9
  Swamp: Lair:2-4    Shoals: Lair:2-4     Snake: Lair:2-4    Spider: Lair:2-4

Altars:
Ashenzari
Cheibriados
Dithmenos
Elyvilon
Fedhas
Gozag
Hepliaklqana
Kikubaaqudgha
Makhleb
Nemelex Xobeh
Okawaru
Qazlal
Ru
Sif Muna
Trog
Uskayaw
Vehumet
Wu Jian
Xom
Yredelemnul
Zin
The Shining One

Shops:
D:5 ?

Annotations:
D:8 2 transporters


Message History

Casting: Sticky Flame (safe; 1% risk of failure)
Confirm with . or Enter, or press ? or * to list all spells.
Aiming: Sticky Flame (safe; 1% risk of failure)
Press: ? - help, Shift-Dir - straight line, f - killer bee, p - killer bee
Aim: a killer bee (berserk, fast, unusually strong)
The sticky flame hits the killer bee.
The killer bee is heavily wounded.
The killer bee is covered in liquid flames!
You feel sick.
The killer bee burns! x2; The killer bee stings you!
The killer bee closely misses you. The killer bee stings you!
* * * LOW HITPOINT WARNING * * *
The killer bee closely misses you. x2; The killer bee misses you.
The killer bee closely misses you. The killer bee misses you.
It was a potion of flight.
You feel very buoyant.
You fly up into the air.
You feel sick.
The killer bee burns! x2
The killer bee barely misses you. The killer bee stings you!
* * * LOW HITPOINT WARNING * * *
The killer bee misses you. The killer bee stings you!
You die...

#.....# ###P.....#
#†..# ###.÷..# #..#
##....### ##†.#
#.#.....## #.†[###
##........ ##†.y.#
##........ #y####
#......... #.y##
#P........ #...
#.y@## ###.........
#...#
#[yyP####...........
#...#
##...P.P#...........
#...
##..............#.#
#..###
##..............##
#....#
##......####.....
#P...# ##....#.#
##...# #...###
##....### ##.##
###...# ##.....###
#.##


You could see a queen bee and 4 killer bees.

Vanquished Creatures
  2 hydras
  Harold (D:8)
  Erica (D:8)
  3 death yaks (D:8)
  An unseen horror (D:9)
  A black mamba (Lair:2)
  3 spiny frogs
  2 hippogriffs
  A human (D:9)
  10 yaks
  A hungry ghost (D:9)
  5 porcupines
  Duvessa (D:4)
  Purgy (Sewer)
  2 black bears
  8 orc warriors
  6 ogres
  3 ice beasts
  4 phantoms
  6 wolves (Lair:2)
  3 centaurs (D:8)
  2 crocodiles
  3 big kobolds (D:4)
  A gnoll sergeant (D:8)
  8 bullfrogs
  Dowan (D:4)
  4 scorpions
  20 killer bees
  3 wights (D:6)
  A vampire bat (Lair:1)
  A howler monkey (D:9)
  An electric eel (D:9)
  3 crimson imps
  2 quasits
  3 centaur zombies
  4 hounds
  3 jellies
  4 orc priests
  A bullfrog skeleton (D:9)
  2 iguanas
  10 orc wizards
  3 hell rats (D:8)
  3 worker ants
  A worker ant zombie (D:5)
  11 adders
  15 gnolls
  A river rat (D:8)
  2 shadow imps
  A white imp (D:9)
  4 adder zombies
  An adder skeleton (D:7)
  4 worms
  2 dart slugs
  4 leopard geckos
  22 orcs
  19 bats
  7 giant cockroaches
  37 goblins
  30 hobgoblins
  10 jackals
  5 kobolds
  11 quokkas
  4 ball pythons
  5 frilled lizards
  A quokka zombie (D:5)
  9 rats
354 creatures vanquished.

Vanquished Creatures (others)
  A deep elf knight (D:8)
  A basilisk (D:8)
  A sky beast (D:8)
  2 fungi (Lair:2)
  7 plants
12 creatures vanquished.

Grand Total: 366 creatures vanquished

Notes
Turn   | Place    | Note
-------+----------+-------------------------------------------
     0 | D:1      | Napalmbreeze the Deep Elf Fire Elementalist began the quest
                  | for the Orb.
     0 | D:1      | Reached XP level 1. HP: 10/10 MP: 6/6
   437 | D:1      | Reached XP level 2. HP: 6/15 MP: 2/8
  1652 | D:1      | Reached XP level 3. HP: 17/19 MP: 6/10
  1661 | D:1      | Learned a level 2 spell: Throw Flame
  1665 | D:1      | Learned a level 3 spell: Conjure Flame
  2087 | D:2      | Reached XP level 4. HP: 24/24 MP: 5/11
  2789 | D:3      | Found a white marble altar of Elyvilon.
  2789 | D:3      | Noticed a black bear
  3047 | D:3      | Noticed a phantom
  3062 | D:3      | Killed a phantom
  3062 | D:3      | Reached XP level 5. HP: 23/28 MP: 5/13
  3119 | D:3      | Learned a level 4 spell: Sticky Flame
  3234 | D:3      | Noticed an ice beast
  3241 | D:3      | Killed an ice beast
  3241 | D:3      | Reached skill level 5 in Spellcasting
  3241 | D:3      | Reached XP level 6. HP: 32/32 MP: 6/15
  3414 | D:3      | Reached skill level 5 in Conjurations
  3572 | D:3      | Reached skill level 5 in Fire Magic
  3878 | D:3      | Found an opulent altar of Gozag.
  4042 | D:3      | Found an ancient bone altar of Kikubaaqudgha.
  4192 | D:3      | Found a shattered altar of Ashenzari.
  4194 | D:3      | Found a glowing silver altar of Zin.
  4194 | D:3      | Found a shadowy altar of Dithmenos.
  4424 | D:4      | Noticed Duvessa
  4444 | D:4      | Killed Duvessa
  4444 | D:4      | Reached XP level 7. HP: 36/36 MP: 4/17
  4633 | D:4      | Found a shattered altar of Ashenzari.
  4750 | D:4      | Noticed Dowan
  4751 | D:4      | Found a glowing drain.
  4757 | D:4      | Killed Dowan
  4773 | Sewer    | Entered a sewer
  4899 | Sewer    | Noticed Purgy
  4904 | Sewer    | Killed Purgy
  5277 | D:4      | Found an opulent altar of Gozag.
  5935 | D:4      | Learned a level 5 spell: Fireball
  6111 | D:4      | Reached XP level 8. HP: 37/41 MP: 20/20
  6852 | D:5      | Entered Level 5 of the Dungeon
  6852 | D:5      | Found a staircase to the Ecumenical Temple.
  6863 | Temple   | Entered the Ecumenical Temple
  6873 | Temple   | Became a worshipper of Vehumet
  7034 | D:5      | Found Cecoikoask's Magic Scroll Boutique.
  7373 | D:5      | You fall through a shaft!
  8325 | D:6      | Reached XP level 9. HP: 45/45 MP: 23/23
  8367 | D:6      | Found a burning altar of Makhleb.
  8367 | D:6      | Noticed a green death
  8447 | D:6      | Found a deep blue altar of Sif Muna.
  8672 | D:7      | Reached * piety under Vehumet
  8672 | D:7      | Offered knowledge of Shock by Vehumet.
  8900 | D:7      | Found a blossoming altar of Fedhas.
  9724 | D:8      | Noticed a death yak
  9724 | D:8      | Noticed a death yak
  9756 | D:8      | Found a transporter.
  9756 | D:8      | Noticed a deep elf knight
  9760 | D:8      | Noticed an efreet
  9772 | D:8      | Reached skill level 1 in Fighting
  9779 | D:8      | Found a transporter.
  9779 | D:8      | Noticed Harold
 10023 | D:8      | Reached skill level 10 in Conjurations
 10235 | D:8      | Reached skill level 3 in Dodging
 10262 | D:8      | Noticed Erica
 10270 | D:8      | Killed Erica
 10270 | D:8      | Reached skill level 4 in Dodging
 10270 | D:8      | Reached XP level 10. HP: 38/54 MP: 10/25
 10483 | D:8      | Got a clouded emerald amulet
 10484 | D:8      | Identified the amulet "Sufam" {Gourm MR+} (You found it on
                  | level 8 of the Dungeon)
 10571 | D:8      | Offered knowledge of Sandblast by Vehumet.
 10810 | D:8      | Found a blossoming altar of Fedhas.
 10810 | D:8      | Found a snail-covered altar of Cheibriados.
 10815 | D:8      | Reached ** piety under Vehumet
 11334 | D:8      | Reached skill level 5 in Dodging
 11526 | D:8      | Found a hide-covered altar of Uskayaw.
 11679 | D:8      | Reached skill level 10 in Spellcasting
 11786 | D:8      | Noticed a death yak
 11801 | D:8      | Killed a death yak
 11801 | D:8      | Reached skill level 6 in Dodging
 11897 | D:8      | Killed a death yak
 11897 | D:8      | Reached skill level 7 in Dodging
 12024 | D:8      | Killed a death yak
 12096 | D:8      | Found a staircase to the Lair.
 12521 | D:8      | Killed Harold
 12521 | D:8      | Reached skill level 8 in Dodging
 12922 | D:9      | Reached XP level 11. HP: 62/62 MP: 20/27
 12927 | D:9      | Offered knowledge of Throw Frost by Vehumet.
 12945 | D:9      | Reached skill level 9 in Dodging
 13135 | D:9      | Reached *** piety under Vehumet
 13293 | D:9      | Found a staircase to the Orcish Mines.
 13514 | D:9      | Noticed an unseen horror
 13517 | D:9      | Killed an unseen horror
 13517 | D:9      | Reached skill level 10 in Fire Magic
 14069 | D:9      | Offered knowledge of Static Discharge by Vehumet.
 14363 | D:9      | Found a deep blue altar of Sif Muna.
 14621 | D:9      | Found a stormy altar of Qazlal.
 14660 | D:8      | Killed a deep elf knight
 14681 | Lair:1   | Entered Level 1 of the Lair of Beasts
 14881 | Lair:1   | Reached skill level 5 in Fighting
 14978 | Lair:1   | Reached skill level 10 in Dodging
 15056 | Lair:1   | Noticed an eight-headed hydra
 15497 | Lair:1   | Killed an eight-headed hydra
 15942 | Lair:2   | Noticed an eight-headed hydra
 15981 | Lair:2   | Reached **** piety under Vehumet
 16088 | Lair:2   | Reached skill level 11 in Dodging
 16427 | Lair:2   | Offered knowledge of Venom Bolt by Vehumet.
 16607 | Lair:2   | Killed an eight-headed hydra
 16992 | Lair:2   | Reached XP level 12. HP: 63/70 MP: 28/29
 17123 | Lair:2   | Reached skill level 12 in Dodging
 17133 | Lair:2   | Slain by a killer bee

Vault maps used:
D:1:      dpeg_arrival_chambers_temple_mockup
D:2:      kennysheep_crisscross, kennysheep_decorative_pillar, hex_medium
D:3:      wad_woods_stonehenge, old_standard_altar, minitemple,
          lemuel_tele_altar
D:4:      minmay_goblin_kobold_castle, overflow_temple_1_default,
          cheibrodos_sewer_entry_sluice, ashenzari_altar_1, uniq_duvessa
D:5:      minmay_temple_entry_statues_pillars, serial_shops, shop, first_ration
D:6:      makhleb_altar_promises_db, lemuel_blue_sif_altar
D:7:      fedhas_bush_and_centaur_altar
D:8:      gammafunk_sealed_arena, grunt_temple_overflow_open,
          lemuel_crystal_altar, dpeg_lair_monsters, uniq_erica, uniq_harold
D:9:      kennysheep_little_box, kennysheep_mini_moat, erik_orc_2,
          grunt_pizzeria, serial_park_tiny_2
Temple:   jpeg_temple_clearing
Lair:1:   roderic_batcave
Lair:2:   special_room
Sewer:    sewer_co_purgy_island

Skill      XL: |  1  2  3  4  5  6  7  8  9 10 11 12 |
---------------+-------------------------------------+-----
Conjurations   | 2 3 4 5 7 9 10 | 10.0
Spellcasting   | 4 5 6 8 9 10 11 | 11.6
Fire Magic     | 4 5 6 7 8 9 10 | 10.1
Fighting       | 2 4 6 |  6.2
Dodging        | 4 8 11 12 | 12.0
Stealth        | |  2.4

Action                   |  1- 3 |  4- 6 |  7- 9 | 10-12 || total
-------------------------+-------+-------+-------+-------++-------
Melee: Unarmed           |     1 |     7 |       |       ||     8
       Short sword       |       |       |    47 |    70 ||   117
Throw: Stone             |     2 |       |       |       ||     2
 Cast: Flame Tongue      |    48 |    91 |   231 |   196 ||   566
       Throw Flame       |     7 |    17 |    59 |   141 ||   224
       Conjure Flame     |       |     3 |    10 |    10 ||    23
       Sticky Flame      |       |     2 |    27 |    61 ||    90
       Fireball          |       |       |     2 |    30 ||    32
Evoke: Wand              |       |       |       |     6 ||     6
  Use: Scroll            |       |     6 |     2 |     5 ||    13
       Potion            |       |       |       |     5 ||     5
  Eat: Chunk             |     3 |     7 |     8 |    39 ||    57
       Ration            |       |     1 |     3 |       ||     4
Armor: Robe              |     2 |     5 |    25 |    32 ||    64
Dodge: Dodged            |    22 |    30 |    66 |   181 ||   299

Table legend:
 A = Non-vault XP
 B = Vault XP
 C = Vault XP percentage of total XP
 D = Non-vault monster count
 E = Vault monster count
 F = Vault count percentage of total count
                 A         B        C        D         E       F
            +---------+---------+-------+---------+---------+-------
      Total |   14201 |    8174 |  36.5 |     212 |     142 |  40.1
            +---------+---------+-------+---------+---------+-------
        D:1 |      39 |       0 |   0.0 |      15 |       0 |   0.0
        D:2 |      86 |       0 |   0.0 |      30 |       0 |   0.0
        D:3 |     347 |     171 |  33.0 |      28 |       8 |  22.2
        D:4 |     190 |     716 |  79.0 |       5 |      65 |  92.9
        D:5 |     230 |       0 |   0.0 |       9 |       0 |   0.0
        D:6 |     922 |       0 |   0.0 |      21 |       0 |   0.0
        D:7 |     694 |       0 |   0.0 |      14 |       0 |   0.0
        D:8 |    1678 |    4896 |  74.5 |      26 |      14 |  35.0
        D:9 |    2229 |    1111 |  33.3 |      31 |      22 |  41.5
     Lair:1 |    3163 |      67 |   2.1 |      13 |       9 |  40.9
     Lair:2 |    4623 |    1060 |  18.7 |      20 |      17 |  45.9
      Sewer |       0 |     153 | 100.0 |       0 |       7 | 100.0
            +---------+---------+-------+---------+---------+-------
